[Event "Titled Tuesday Blitz April 4 Early 2023"]
[White "Hayrapetyan, Artavazd R."]
[Black "Souleidis, Georgios"]
[WhiteFideId "13304240"]
[BlackFideId "4206827"]
[WhiteElo "2417"]
[BlackElo "2401"]
[Result "0-1"]
[Round "06"]
[TimeControl "180+2"]
[Date "2023.04.04"]
[WhiteClock "0:00:07"]
[BlackClock "0:00:06"]

1. Nf3 Nf6 2. d4 g6 3. c4 Bg7 4. Nc3 O-O 5. e4 d6 6. Be2 e5 7. O-O Bg4 8. Be3 Bxf3 9. Bxf3 exd4 10. Bxd4 Nc6 11. Be3 Re8 12. Re1 Nd7 13. Rc1 Nc5 14. Bf4 Nd4 15. h3 Be5 16. Bxe5 dxe5 17. b4 Nce6 18. c5 c6 19. Bg4 Qf6 20. Bxe6 Qxe6 21. Qg4 Qf6 22. Ne2 h5 23. Qg3 Rad8 24. Qe3 Nxe2+ 25. Rxe2 Rd4 26. a3 Red8 27. Rc3 Kg7 28. Kh2 h4 29. Rb3 a6 30. a4 Rd1 31. Re1 Rxe1 32. Qxe1 Qf4+ 33. Kg1 Rd4 34. Re3 Qf6 35. Qc3 Qf4 36. Qe1 Qf6 37. Rf3 Qd8 38. Qe3 f6 39. b5 axb5 40. axb5 Rd1+ 41. Kh2 Qd4 42. Qa3 Ra1 43. Qb3 Qd1 44. Qxd1 Rxd1 45. bxc6 bxc6 46. Rc3 Rd4 47. f3 Rd1 48. Ra3 Rc1 49. Ra7+ Kh6 50. Rc7 Rxc5 51. Rc8 Kg5 52. Rc7 Rc1 53. Rc8 c5 54. Rc6 c4 55. Rc8 c3 56. Rc5 Kf4 57. Rc6 Ke3 58. Rxf6 c2 59. Rc6 g5 60. Rc5 Kd4 61. Rd5+ Kc3 62. Rc5+ Kd2 63. Rd5+ Ke2 64. Rc5 Ke3 65. Rc8 Kd3 66. Rc7 Ra1 67. Rd7+ Ke3 0-1


[Site "https://www.chess.com"]

[Event "Titled Tuesday Blitz April 4 Early 2023"]
[White "Molina, Roberto Junio Brito"]
[Black "Hnydiuk, Aleksander"]
[WhiteFideId "2109450"]
[BlackFideId "1109057"]
[WhiteElo "2376"]
[BlackElo "2374"]
[Result "1-0"]
[Round "06"]
[TimeControl "180+2"]
[Date "2023.04.04"]
[WhiteClock "0:00:11"]
[BlackClock "0:00:04"]

1. d4 Nf6 2. Nf3 e6 3. e3 Be7 4. Bd3 O-O 5. O-O c5 6. c3 b6 7. Qe2 Bb7 8. e4 d5 9. e5 Ne4 10. Nbd2 Nxd2 11. Bxd2 a5 12. Rfd1 Ba6 13. c4 dxc4 14. Bxh7+ Kxh7 15. Qe4+ Kg8 16. Qxa8 cxd4 17. Qe4 d3 18. Rac1 Qd5 19. Qg4 Nc6 20. Bh6 g6 21. Bxf8 Bxf8 22. Qf4 Bg7 23. Re1 b5 24. a3 b4 25. axb4 axb4 26. h4 Bb7 27. Rxc4 Nxe5 28. Rc7 d2 29. Rd1 Qb3 30. Rxd2 Bxf3 31. gxf3 Nxf3+ 32. Kg2 Ne1+ 33. Kf1 e5 34. Qxf7+ Qxf7 35. Rxf7 Kxf7 36. Kxe1 Ke6 37. Ke2 e4 38. b3 Ke5 39. Rc2 Kd5 40. Rc4 Bf6 41. Rxb4 Bxh4 42. Rb6 g5 43. Rg6 Kc5 44. Re6 Kb4 45. Rb6+ Kc5 46. Rb8 g4 47. b4+ Kd5 48. b5 Bf6 49. Rc8 Bd4 50. Rg8 Bb6 51. Rxg4 Kc5 52. Rxe4 1-0


[Site "https://www.chess.com"]

[Event "Titled Tuesday Blitz April 4 Early 2023"]
[White "Pichot, Alan"]
[Black "Jain Kashish Manoj"]
[WhiteFideId "110973"]
[BlackFideId "35081098"]
[WhiteElo "2573"]
[BlackElo "2191"]
[Result "1-0"]
[Round "06"]
[TimeControl "180+2"]
[Date "2023.04.04"]
[WhiteClock "0:00:04"]
[BlackClock "0:00:04"]

1. e4 e6 2. d4 d5 3. Nd2 Nf6 4. e5 Nfd7 5. Bd3 c5 6. c3 Nc6 7. Ne2 cxd4 8. cxd4 f6 9. exf6 Nxf6 10. Nf3 Qc7 11. O-O Bd6 12. Bg5 O-O 13. Bh4 Nh5 14. Qc2 h6 15. Bh7+ Kh8 16. Bg6 Rxf3 17. Bxh5 Rf8 18. Bg3 Bd7 19. Rac1 Be8 20. Bg4 Rf6 21. a3 Bg6 22. Qd2 Raf8 23. b4 a6 24. Qe3 Bxg3 25. hxg3 e5 26. dxe5 Qxe5 27. Rxc6 Qxe3 28. Rxf6 Qe8 29. Re6 Qf7 30. Nf4 Be4 31. Bh5 Qd7 32. Rd1 Rxf4 33. Re8+ Qxe8 34. Bxe8 Rf8 35. Ba4 Rd8 36. Rd4 Bg6 37. Bb3 Bf7 38. f3 g5 39. Kf2 Kg7 40. Ke3 Kf6 41. Bc2 Be6 42. Rd1 Rc8 43. Kd2 d4 44. Rh1 Kg7 45. Re1 Kf6 46. Rh1 Kg7 47. Be4 Rc3 48. Ra1 b6 49. a4 Rb3 50. a5 Rxb4 51. axb6 Rxb6 52. Kd3 Rd6 53. Rb1 Bd7 54. Rb7 Kf6 55. Ra7 Bb5+ 56. Kd2 Rb6 57. f4 gxf4 58. gxf4 h5 59. Rh7 Be8 60. Rh6+ 1-0


[Site "https://www.chess.com"]

[Event "Titled Tuesday Blitz April 4 Early 2023"]
[White "Mammadov, Zaur"]
[Black "Lymar, Vladislav"]
[WhiteFideId "13401033"]
[BlackFideId "14162180"]
[WhiteElo "2441"]
[BlackElo "2234"]
[Result "1-0"]
[Round "06"]
[TimeControl "180+2"]
[Date "2023.04.04"]
[WhiteClock "0:00:13"]
[BlackClock "0:00:03"]

1. e4 c5 2. c3 d5 3. exd5 Qxd5 4. d4 e6 5. Nf3 Nf6 6. Bd3 Nc6 7. O-O Be7 8. c4 Qh5 9. dxc5 e5 10. Nc3 Bg4 11. Be2 Rd8 12. Nd5 e4 13. Nd4 Ne5 14. Bxg4 Nfxg4 15. h3 Bxc5 16. hxg4 Nxg4 17. Bf4 Bd6 18. Qd2 O-O 19. f3 exf3 20. Rxf3 Rfe8 21. Rh3 Qg6 22. Rf1 Bc5 23. Rg3 Re4 24. Be3 Qh5 25. Rh3 Qe5 26. Rf5 Rxd4 27. Qxd4 Bxd4 28. Rxe5 Bxe5 29. Bxa7 h6 30. Rf3 Bxb2 31. Ne7+ Kf8 32. Nd5 Ne5 33. Bc5+ Ke8 34. Rb3 Bc1 35. Rxb7 Nd3 36. Re7+ Kf8 37. Rd7+ Ke8 38. Re7+ Kf8 39. Rd7+ Ke8 40. Rxd8+ Kxd8 41. Bb6+ Kd7 42. a4 Kc6 43. a5 Nb4 44. Nxb4+ Kb7 45. Nd3 Bd2 46. c5 Bc3 47. Kf2 f5 48. Kf3 g5 49. g3 Bd4 50. Nb4 Bc3 51. c6+ Kc8 52. Nd5 Be5 53. Ne7+ Kb8 54. a6 g4+ 55. Kf2 f4 56. gxf4 Bxf4 57. Nd5 Be5 58. c7+ Bxc7 59. Nxc7 h5 60. Kg3 Kc8 61. a7 1-0


[Site "https://www.chess.com"]

[Event "Titled Tuesday Blitz April 4 Early 2023"]
[White "Albornoz Cabrera, Carlos Daniel"]
[Black "Mendez Fortes, Eduardo Jesus"]
[WhiteFideId "3518736"]
[BlackFideId "3502376"]
[WhiteElo "2516"]
[BlackElo "2307"]
[Result "0-1"]
[Round "06"]
[TimeControl "180+2"]
[Date "2023.04.04"]
[WhiteClock "0:00:24"]
[BlackClock "0:00:04"]

1. e4 e5 2. Nf3 Nc6 3. Nc3 Nf6 4. Bb5 Nd4 5. Bc4 Bc5 6. d3 d6 7. h3 h6 8. Be3 c6 9. O-O O-O 10. a3 d5 11. exd5 cxd5 12. Ba2 Nxf3+ 13. Qxf3 d4 14. Na4 Bd6 15. Bd2 Bd7 16. b3 Bc6 17. Qd1 e4 18. Nb2 Bc7 19. Bb4 Re8 20. a4 Qd5 21. Nc4 e3 22. Qf3 Qg5 23. h4 Qg6 24. Qh3 Bd7 25. Qh1 Ng4 26. f4 e2 27. Rf3 Bc6 28. g3 Qh5 29. Re1 Ne3 30. Nxe3 Bxf3 31. g4 Bxg4 32. Ng2 Bf3 33. Bd2 Qg4 34. b4 Rac8 35. Bb3 Bd6 36. Kf2 Bc6 37. b5 Bf3 38. Qh2 Bxg2 39. Qxg2 Qxh4+ 40. Qg3 Qxg3+ 41. Kxg3 g5 42. Kf3 Bxf4 43. Bb4 Re5 44. Rxe2 Rxe2 45. Kxe2 b6 46. Kf3 Kg7 47. a5 Kg6 48. a6 f5 49. Kg2 Bb8 50. Bc4 h5 51. c3 dxc3 52. Bxc3 g4 53. Bd4 h4 54. Bb3 h3+ 55. Kf2 g3+ 56. Kf3 Rd8 57. Ke3 Rxd4 58. Kf3 g2 0-1


[Site "https://www.chess.com"]

[Event "Titled Tuesday Blitz April 4 Early 2023"]
[White "Dehtiarov, Roman"]
[Black "Castellanos Villela, Alejandro"]
[WhiteFideId "14186640"]
[BlackFideId "3446379"]
[WhiteElo "2189"]
[BlackElo "2103"]
[Result "1-0"]
[Round "06"]
[TimeControl "180+2"]
[Date "2023.04.04"]
[WhiteClock "0:02:35"]
[BlackClock "0:01:14"]

1. d4 Nf6 2. c4 e6 3. Nf3 c5 4. d5 exd5 5. cxd5 d6 6. Nc3 g6 7. e4 Bg7 8. Bd3 O-O 9. O-O Bg4 10. a4 Nbd7 11. h3 Bxf3 12. Qxf3 Re8 13. Qd1 a6 14. f4 Qc7 15. Be3 c4 16. Bc2 Nc5 17. e5 dxe5 18. fxe5 Rxe5 19. Bf4 Nh5 20. Bxe5 Qxe5 21. Qf3 f5 22. Rae1 Qd6 23. g4 Ng3 24. Rf2 fxg4 25. Qf7+ Kh8 26. Re8+ Rxe8 27. Qxe8+ Bf8 28. Qxf8+ Qxf8 29. Rxf8+ Kg7 30. Rc8 Nd3 31. Bxd3 cxd3 32. hxg4 d2 33. Nd1 h5 34. d6 1-0


[Site "https://www.chess.com"]

[Event "Titled Tuesday Blitz April 4 Early 2023"]
[White "Grunberg, Mihai-Lucian"]
[Black "Wagner, Dennis"]
[WhiteFideId "1204149"]
[BlackFideId "24650684"]
[WhiteElo "2363"]
[BlackElo "2470"]
[Result "0-1"]
[Round "06"]
[TimeControl "180+2"]
[Date "2023.04.04"]
[WhiteClock "0:00:10"]
[BlackClock "0:00:04"]

1. Nf3 c5 2. c4 Nc6 3. d4 cxd4 4. Nxd4 Nf6 5. Nc3 e6 6. g3 d5 7. Bg2 Bc5 8. Nb3 Bb6 9. cxd5 exd5 10. Nxd5 Be6 11. Bg5 Bxf2+ 12. Kxf2 Ng4+ 13. Ke1 Qxg5 14. Nc7+ Ke7 15. Nxa8 Qe3 16. Rf1 Nxh2 17. Rf2 Ng4 18. Rf3 Qg1+ 19. Bf1 Rxa8 20. Qc2 Nge5 21. Rf2 Qxg3 22. Qc5+ Ke8 23. Bg2 Rd8 24. Rd1 Rxd1+ 25. Kxd1 Bxb3+ 26. axb3 Qxb3+ 27. Qc2 Qb6 28. Bxc6+ Nxc6 29. Rg2 Qd4+ 30. Qd2 g6 31. Qxd4 Nxd4 32. Kd2 h5 33. Kd3 Ne6 34. e3 Kd7 35. Ke4 Kd6 36. Rd2+ Ke7 37. Ke5 f6+ 38. Ke4 Ng5+ 39. Kf4 h4 40. Kg4 h3 41. Rc2 Ke6 42. Rc4 Kd5 43. Rc7 b5 44. Rxa7 h2 45. Ra1 Ne4 46. Kf3 Nd2+ 47. Kg2 Nc4 48. b3 Nxe3+ 49. Kxh2 f5 50. Kg3 Nc2 51. Rc1 Nd4 52. Rd1 Ke4 53. Re1+ Kd3 54. b4 Kc4 55. Kf4 Kxb4 56. Kg5 Nf3+ 57. Kxg6 Nxe1 0-1


[Site "https://www.chess.com"]

[Event "Titled Tuesday Blitz April 4 Early 2023"]
[White "Orlov, Georgi"]
[Black "Weetik, Vjacheslav"]
[WhiteFideId "2011271"]
[BlackFideId "4153472"]
[WhiteElo "2557"]
[BlackElo "2469"]
[Result "1-0"]
[Round "06"]
[TimeControl "180+2"]
[Date "2023.04.04"]
[WhiteClock "0:00:18"]
[BlackClock "0:00:01"]

1. d4 Nf6 2. Nf3 e6 3. c4 d5 4. Nc3 Be7 5. g3 O-O 6. Bg2 c6 7. O-O Nbd7 8. b3 b6 9. Bb2 Ba6 10. cxd5 cxd5 11. Rc1 Rc8 12. Nd2 Nb8 13. Re1 Nc6 14. Nf3 Ne4 15. Nxe4 dxe4 16. Ne5 Nxe5 17. dxe5 e3 18. fxe3 Bb4 19. Rxc8 Qxc8 20. Rf1 Bb7 21. Bxb7 Qxb7 22. Rf4 Be7 23. Qd3 h6 24. b4 a5 25. b5 Rc8 26. Rc4 Bc5 27. Bd4 Rd8 28. Qc2 Bb4 29. a4 Qd5 30. Rc8 Rxc8 31. Qxc8+ Kh7 32. Qc2+ Kg8 33. Bxb6 Qxe5 34. Bd4 Qd5 35. Qc6 Qb3 36. Kg2 Qb1 37. b6 Be7 38. b7 Bf6 39. Ba7 1-0


[Site "https://www.chess.com"]

[Event "Titled Tuesday Blitz April 4 Early 2023"]
[White "Pham, Le Thao Nguyen"]
[Black "Rohith Krishna S"]
[WhiteFideId "12401226"]
[BlackFideId "46617051"]
[WhiteElo "2286"]
[BlackElo "2270"]
[Result "0-1"]
[Round "06"]
[TimeControl "180+2"]
[Date "2023.04.04"]
[WhiteClock "0:00:04"]
[BlackClock "0:01:27"]

1. d4 Nf6 2. Nf3 g6 3. c4 Bg7 4. Nc3 O-O 5. e4 d6 6. Bd3 e5 7. O-O Nc6 8. d5 Nd4 9. h3 c5 10. dxc6 bxc6 11. Be3 c5 12. Re1 Ne8 13. Nd5 Nc7 14. Rb1 Nxd5 15. cxd5 a5 16. b3 f5 17. exf5 gxf5 18. Nd2 Qh4 19. f4 e4 20. Bc4 Rf6 21. Nf1 Rg6 22. Kh1 Bf6 23. Qd2 Ra7 24. Qf2 Qh6 25. Kh2 Rag7 26. g3 Bh4 0-1


[Site "https://www.chess.com"]

[Event "Titled Tuesday Blitz April 4 Early 2023"]
[White "Drori, Saar"]
[Black "Iliaguev, Nisim"]
[WhiteFideId "2812444"]
[BlackFideId "2817276"]
[WhiteElo "2322"]
[BlackElo "2241"]
[Result "1/2-1/2"]
[Round "06"]
[TimeControl "180+2"]
[Date "2023.04.04"]
[WhiteClock "0:00:06"]
[BlackClock "0:00:20"]

1. e4 c6 2. Nc3 d5 3. Nf3 dxe4 4. Nxe4 Nf6 5. Qe2 Nxe4 6. Qxe4 Qa5 7. Bc4 Qf5 8. d3 Qxe4+ 9. dxe4 Nd7 10. Bg5 e6 11. O-O-O Be7 12. Bxe7 Kxe7 13. e5 b6 14. Rd6 Bb7 15. Rhd1 Rhd8 16. Bd3 c5 17. Bb5 Nf8 18. Bc6 Bxc6 19. Rxc6 Rxd1+ 20. Kxd1 Rd8+ 21. Ke2 h6 22. Rc7+ Rd7 23. Rc8 Ng6 24. g3 Nf8 25. Nd2 Rd8 26. Rxd8 Kxd8 27. Ne4 Ke7 28. Nd6 Nd7 29. f4 a6 30. Ke3 f5 31. h3 g5 32. g4 fxg4 33. hxg4 b5 34. Ke4 gxf4 35. Kxf4 Nb6 36. Nb7 c4 37. Nc5 a5 38. Nb7 a4 39. c3 Nd5+ 40. Ke4 b4 41. cxb4 Nxb4 42. Kd4 Nc6+ 43. Ke4 Nb4 44. a3 Nd3 45. Kd4 Nxb2 46. Nd6 Nd3 47. Nxc4 Nf2 48. Ne3 Kd7 49. Kc5 Nd3+ 50. Kb5 Nxe5 51. Kxa4 Kc6 52. Kb4 Nd7 53. Kc4 Kb6 54. Kd4 Ka5 55. Nc4+ Ka4 56. Ke4 Kb3 57. Ne5 Nf6+ 58. Kf4 Kxa3 59. Nf7 Nxg4 60. Kxg4 Kb4 61. Nxh6 Kc4 62. Kf3 Kd3 63. Nf7 e5 64. Nxe5+ 1/2-1/2


[Site "https://www.chess.com"]

[Event "Titled Tuesday Blitz April 4 Early 2023"]
[White "Krysa, Leandro"]
[Black "Sousa, Andre Ventura"]
[WhiteFideId "116807"]
[BlackFideId "1917617"]
[WhiteElo "2489"]
[BlackElo "2348"]
[Result "0-1"]
[Round "06"]
[TimeControl "180+2"]
[Date "2023.04.04"]
[WhiteClock "0:00:02"]
[BlackClock "0:00:52"]

1. e4 e5 2. Nf3 Nc6 3. d4 exd4 4. Nxd4 Nf6 5. Nxc6 bxc6 6. e5 Qe7 7. Qe2 Nd5 8. Nd2 g6 9. c4 Ba6 10. Nf3 Bg7 11. Bg5 Qb4+ 12. Qd2 Qxd2+ 13. Kxd2 Ne7 14. Kc2 c5 15. Re1 Nc6 16. b3 O-O 17. a3 Rfe8 18. Bf4 f6 19. e6 Rxe6 20. Rxe6 dxe6 21. Be3 f5 22. Bxc5 e5 23. Be2 e4 24. Ng5 Nd4+ 25. Bxd4 Bxd4 26. Ne6 Bxf2 27. Nxc7 Bb7 28. Nxa8 Bxa8 29. Rd1 Kf7 30. Rd7+ Ke6 31. Rxh7 f4 32. b4 e3 33. Bf1 Bxg2 34. Bxg2 e2 35. Rh8 Ke7 36. Bc6 Be3 37. Re8+ Kd6 38. Bf3 e1=Q 39. c5+ Kd7 0-1


[Site "https://www.chess.com"]

[Event "Titled Tuesday Blitz April 4 Early 2023"]
[White "Levitskiy, Andrey"]
[Black "Omelja, Artem"]
[WhiteFideId "14132885"]
[BlackFideId "14119846"]
[WhiteElo "2341"]
[BlackElo "2404"]
[Result "1-0"]
[Round "06"]
[TimeControl "180+2"]
[Date "2023.04.04"]
[WhiteClock "0:00:31"]
[BlackClock "0:00:55"]

1. e4 c5 2. Nf3 Nc6 3. d4 cxd4 4. Nxd4 Nf6 5. Nc3 e5 6. Ndb5 d6 7. Bg5 a6 8. Na3 b5 9. Nd5 Be7 10. Bxf6 Bxf6 11. c4 b4 12. Nc2 O-O 13. g3 a5 14. Bg2 Rb8 15. O-O a4 16. b3 Na5 17. Ncxb4 Bg5 18. Rb1 Be6 19. Qd3 Qd7 20. Rfd1 Rb7 21. f4 exf4 22. gxf4 Bh6 23. f5 Bxd5 24. Nxd5 axb3 25. axb3 Nc6 26. Qg3 Kh8 27. f6 g6 28. Qh4 Ne5 29. Qxh6 Rg8 30. Ne7 Ng4 31. Qf4 Ra8 32. Bh3 h5 33. Bxg4 Qxg4+ 34. Qxg4 hxg4 35. Rxd6 Ra2 36. c5 Rc2 37. c6 Ra7 38. Nxg6+ fxg6 39. Rd8+ Kh7 40. Rd7+ Rxd7 41. cxd7 Rd2 42. e5 Rxd7 43. e6 Rd2 44. Re1 1-0


[Site "https://www.chess.com"]

[Event "Titled Tuesday Blitz April 4 Early 2023"]
[White "Hirneise, Jens"]
[Black "Kowalczyk, Pawel"]
[WhiteFideId "24614734"]
[BlackFideId "1130641"]
[WhiteElo "2345"]
[BlackElo "2324"]
[Result "1/2-1/2"]
[Round "06"]
[TimeControl "180+2"]
[Date "2023.04.04"]
[WhiteClock "0:01:00"]
[BlackClock "0:01:04"]

1. d4 Nf6 2. Bg5 Ne4 3. Bf4 c5 4. dxc5 Nc6 5. Nd2 Nxc5 6. Ngf3 d5 7. e3 g6 8. Nb3 Bg7 9. Nxc5 Qa5+ 10. c3 Qxc5 11. Bg3 O-O 12. Be2 a5 13. O-O e5 14. Rc1 h6 15. c4 d4 16. exd4 exd4 17. h3 Bf5 18. Bd3 Bxd3 19. Qxd3 Nb4 20. Qb1 Rfe8 21. Rfd1 Rad8 22. a3 Nc6 23. b4 axb4 24. axb4 Qxb4 25. Qxb4 Nxb4 26. Rb1 Nc6 27. Rxb7 d3 28. Bf4 Re4 29. Be3 Rxc4 30. Rb3 Rc3 31. Rxc3 Bxc3 32. Rc1 d2 33. Bxd2 Bxd2 34. Nxd2 Nd4 35. Kf1 Ra8 36. Nf3 Ne6 37. g3 Ra2 38. Rd1 Kg7 39. h4 g5 40. hxg5 hxg5 41. Rd2 Ra3 42. Kg2 g4 43. Ne5 f5 44. Nc4 Rc3 45. Ne3 Rc5 46. Rd5 Rxd5 47. Nxd5 Kg6 48. f3 Kg5 49. fxg4 Kxg4 50. Ne3+ Kg5 51. Nxf5 Kxf5 52. g4+ Kxg4 1/2-1/2


[Site "https://www.chess.com"]

[Event "Titled Tuesday Blitz April 4 Early 2023"]
[White "Kosteniuk, Alexandra"]
[Black "Budrewicz, Krzysztof"]
[WhiteFideId "4128125"]
[BlackFideId "1127950"]
[WhiteElo "2453"]
[BlackElo "2230"]
[Result "1-0"]
[Round "06"]
[TimeControl "180+2"]
[Date "2023.04.04"]
[WhiteClock "0:00:09"]
[BlackClock "0:00:16"]

1. d4 Nf6 2. c4 g6 3. Nf3 Bg7 4. Nc3 O-O 5. e4 d6 6. Be2 Nbd7 7. O-O e5 8. Re1 c6 9. d5 cxd5 10. cxd5 a6 11. Nd2 Ne8 12. b4 f5 13. b5 a5 14. Ba3 Nb6 15. Rc1 Bh6 16. Rc2 Rf7 17. Nc4 Nxc4 18. Bxc4 Nf6 19. Bd3 Qb6 20. Na4 Qd8 21. f3 fxe4 22. Bxe4 Nxe4 23. fxe4 Bd7 24. Qd3 Bf8 25. g3 Rc8 26. Rxc8 Qxc8 27. Nb6 Qd8 28. Nxd7 Qxd7 29. Rf1 Rxf1+ 30. Qxf1 Be7 31. Qe2 Bd8 32. Kg2 Bb6 33. Qc4 Kf7 34. Bc1 Bc5 35. a4 Qg4 36. Qd3 Kg7 37. h3 Qc8 38. Bd2 h6 39. Bxa5 Qa8 40. Qc3 b6 41. Bb4 Qxa4 42. Bxc5 Qxe4+ 43. Kh2 dxc5 44. Qd2 Qd4 45. Qa2 Kf6 46. Qa8 e4 47. Qh8+ Kf5 48. Qc8+ Ke5 49. Qe6# 1-0


[Site "https://www.chess.com"]

[Event "Titled Tuesday Blitz April 4 Early 2023"]
[White "Perez Gormaz, Matias"]
[Black "TimGrutter03"]
[WhiteFideId "3406342"]
[WhiteElo "2362"]
[BlackElo "2546"]
[Result "0-1"]
[Round "06"]
[TimeControl "180+2"]
[Date "2023.04.04"]
[WhiteClock "0:00:08"]
[BlackClock "0:00:06"]

1. e4 g6 2. d4 Bg7 3. Nf3 d6 4. Bd3 Nf6 5. O-O O-O 6. c3 e5 7. Re1 Nc6 8. h3 Nh5 9. Be3 h6 10. dxe5 Nxe5 11. Nxe5 dxe5 12. Na3 c6 13. Bc5 Re8 14. Nc4 Nf4 15. Bf1 Qg5 16. Kh2 Rd8 17. Qf3 Be6 18. Rad1 b6 19. Be3 Qe7 20. Nxe5 Bxe5 21. Bxf4 Qf6 22. Bxe5 Qxe5+ 23. g3 Bxa2 24. Qe3 Kg7 25. f4 Qe7 26. Bg2 Bb3 27. Rd4 c5 28. Rd2 Rxd2 29. Qxd2 Rd8 30. Qf2 Qd7 31. f5 Qd2 32. Re2 Qg5 33. h4 Qc1 34. e5 Bc4 35. Re4 Rd2 36. Qe1 Qc2 37. f6+ Kf8 38. Qg1 Bd5 39. Kh3 Rxg2 40. Qxg2 Qxg2+ 41. Kxg2 Bxe4+ 42. Kf2 Bd5 43. Ke3 Ke8 44. g4 Kd7 45. Kf4 Ke6 46. h5 g5+ 47. Ke3 Kxe5 48. b4 cxb4 49. cxb4 0-1


[Site "https://www.chess.com"]

[Event "Titled Tuesday Blitz April 4 Early 2023"]
[White "Ezat, Mohamed"]
[Black "Filgueira, Hernan"]
[WhiteFideId "10600906"]
[BlackFideId "101770"]
[WhiteElo "2386"]
[BlackElo "2363"]
[Result "1-0"]
[Round "06"]
[TimeControl "180+2"]
[Date "2023.04.04"]
[WhiteClock "0:00:25"]
[BlackClock "0:00:22"]

1. d4 d5 2. c4 e6 3. Nc3 c6 4. e4 Bb4 5. Bd2 Ne7 6. Nf3 O-O 7. Bd3 c5 8. a3 Bxc3 9. bxc3 dxc4 10. Bxc4 b6 11. O-O Ba6 12. Bxa6 Nxa6 13. Bg5 Qc7 14. d5 exd5 15. exd5 Ng6 16. Qa4 Nb8 17. Rad1 Nd7 18. Qc6 Rac8 19. Qxc7 Rxc7 20. Rfe1 f6 21. Bc1 Rd8 22. c4 Kf7 23. Bb2 Rcc8 24. g3 Re8 25. h4 Rxe1+ 26. Rxe1 h5 27. Kf1 Re8 28. Rxe8 Kxe8 29. a4 Ne7 30. Ke2 Nc8 31. Kd3 Nd6 32. Bc1 Ke7 33. Bf4 Nf7 34. Bc7 g5 35. Ke4 g4 36. Nd2 Nh6 37. Kf4 Kf7 38. Ne4 Ke7 39. Nc3 Nf7 40. Nb5 a6 41. Na7 Nde5 42. Bxe5 Nxe5 43. Nc8+ Kd8 44. Nxb6 Nxc4 45. Nxc4 1-0


[Site "https://www.chess.com"]

[Event "Titled Tuesday Blitz April 4 Early 2023"]
[White "Tomaszewski, Kacper"]
[Black "Jessel, Stephen"]
[WhiteFideId "1127373"]
[BlackFideId "628859"]
[WhiteElo "2211"]
[BlackElo "2268"]
[Result "0-1"]
[Round "06"]
[TimeControl "180+2"]
[Date "2023.04.04"]
[WhiteClock "0:00:22"]
[BlackClock "0:01:01"]

1. e4 a6 2. g3 e6 3. Bg2 d5 4. d3 dxe4 5. dxe4 Qxd1+ 6. Kxd1 Bc5 7. Nh3 Nc6 8. c3 Nf6 9. f3 O-O 10. Kc2 e5 11. Nd2 Be6 12. Ng5 Bd7 13. Nb3 Bb6 14. Bh3 Rad8 15. Rd1 h6 16. Bxd7 Nxd7 17. Nh3 f5 18. exf5 Rxf5 19. f4 Rh5 20. Ng1 Rxh2+ 21. Bd2 exf4 22. gxf4 Nf6 23. Nf3 Rf2 24. Ne5 Nxe5 25. fxe5 Ne4 26. e6 Nxd2 27. Rxd2 Rdxd2+ 28. Nxd2 Be3 29. e7 Rxd2+ 30. Kb3 Kf7 31. Re1 Kxe7 32. Rxe3+ Kf6 33. Re8 Rd7 34. Rf8+ Rf7 35. Rb8 c6 36. Ra8 g5 37. Kb4 g4 38. Kc5 g3 39. Rh8 Kg6 40. Rg8+ Rg7 41. Re8 g2 42. Re1 h5 0-1


[Site "https://www.chess.com"]

[Event "Titled Tuesday Blitz April 4 Early 2023"]
[White "Vlassov, Nikolai"]
[Black "Eynullayev, Atilla"]
[WhiteFideId "4103360"]
[BlackFideId "13413570"]
[WhiteElo "2324"]
[BlackElo "2181"]
[Result "0-1"]
[Round "06"]
[TimeControl "180+2"]
[Date "2023.04.04"]
[WhiteClock "0:00:02"]
[BlackClock "0:00:05"]

1. e4 c5 2. c3 Nf6 3. e5 Nd5 4. d4 cxd4 5. cxd4 d6 6. Bc4 dxe5 7. dxe5 Be6 8. Nf3 Nc6 9. O-O g6 10. Ng5 Bg7 11. Nxe6 fxe6 12. f4 Qb6+ 13. Kh1 Rd8 14. Qg4 Nd4 15. Nc3 Nxc3 16. bxc3 Nc2 17. Qe2 Nxa1 18. Be3 Qc7 19. Bxe6 Qxc3 20. Bxa7 Nc2 21. Qb5+ Qc6 22. Qb3 Nd4 23. Bf7+ Kf8 24. Bxd4 Rxd4 25. Qb2 Qa6 26. Rc1 Rd8 27. Bc4 Qc6 28. Bb3 Qe4 29. Qc3 Bh6 30. Re1 Qf5 31. Qc4 Kg7 32. Rf1 Rhf8 33. h3 Qd3 34. Qc1 Rd4 35. Qc7 Qxf1+ 36. Kh2 Bxf4+ 37. g3 Rd2# 0-1


[Site "https://www.chess.com"]

[Event "Titled Tuesday Blitz April 4 Early 2023"]
[White "Shuvalova, Polina"]
[Black "Mortazavi, Ali"]
[WhiteFideId "24171760"]
[BlackFideId "401323"]
[WhiteElo "2281"]
[BlackElo "2339"]
[Result "0-1"]
[Round "06"]
[TimeControl "180+2"]
[Date "2023.04.04"]
[WhiteClock "0:00:02"]
[BlackClock "0:00:03"]

1. e4 c6 2. d4 d5 3. exd5 cxd5 4. Bd3 Nc6 5. c3 Qc7 6. Ne2 Bg4 7. O-O e6 8. Qe1 Bd6 9. f3 Bf5 10. Bxf5 exf5 11. Bf4 O-O-O 12. Qg3 g6 13. Nd2 Nf6 14. Bxd6 Rxd6 15. Rfe1 Nh5 16. Qf2 Re6 17. Nb3 Rhe8 18. Nc5 R6e7 19. Ng3 Nf4 20. Qd2 Na5 21. Rxe7 Rxe7 22. Re1 Nc4 23. Rxe7 Nxd2 24. Re8+ Qd8 25. Rxd8+ Kxd8 26. Nxb7+ Kc7 27. Nc5 Nc4 28. b3 Ne3 29. Nf1 Nd1 30. g3 Ne2+ 31. Kg2 Ndxc3 32. Ne3 Nxd4 33. a4 Ne6 34. Nd3 a5 35. f4 Kd6 36. Ne5 f6 37. Nd3 Nc5 38. Nc1 N3e4 39. Nc2 Ne6 40. Kf3 Kc5 41. Nd3+ Kb6 42. b4 Nd2+ 43. Ke2 Ne4 44. bxa5+ Kxa5 45. Ndb4 Nc7 46. Kd3 Kxa4 47. Kd4 Kb3 48. Kd3 Nf2+ 49. Kd2 Ng4 50. h3 Nf2 51. Nc6 Nxh3 52. N2d4+ Kc4 53. Ne7 Nf2 54. Ndc6 Ne4+ 55. Ke3 Nxg3 56. Nc8 Ne4 57. Na5+ Kb5 58. Nb3 Ne6 59. Ne7 Kc4 60. Na5+ Kc3 61. Nxd5+ Kc2 62. Nc6 h5 63. Nce7 h4 64. Nxg6 h3 65. Kf3 Kd3 66. Nh4 Nd4# 0-1


[Site "https://www.chess.com"]

[Event "Titled Tuesday Blitz April 4 Early 2023"]
[White "Vakhidov, Shahzod"]
[Black "Rozman, Levy"]
[WhiteFideId "14205270"]
[BlackFideId "2039877"]
[WhiteElo "2212"]
[BlackElo "2376"]
[Result "1-0"]
[Round "06"]
[TimeControl "180+2"]
[Date "2023.04.04"]
[WhiteClock "0:00:07"]
[BlackClock "0:00:02"]

1. Nf3 g6 2. g3 Bg7 3. d4 d6 4. Bg2 Nc6 5. O-O Bd7 6. c4 Qc8 7. Nc3 Bh3 8. Nd5 Bxg2 9. Kxg2 h5 10. h4 Nh6 11. Bxh6 Bxh6 12. e3 Bg7 13. Ng5 O-O 14. Qa4 Qd8 15. b4 e6 16. Nf4 e5 17. dxe5 Nxe5 18. Rac1 a6 19. Qc2 Qe8 20. Nxh5 Qc6+ 21. f3 f6 22. Nxg7 fxg5 23. Ne6 g4 24. Nd4 gxf3+ 25. Rxf3 Qd7 26. Rf4 c5 27. Nf3 Qc6 28. Rf1 cxb4 29. h5 gxh5 30. Rf5 Rxf5 31. Qxf5 Rf8 32. Qg5+ Kh7 33. Qxh5+ Kg7 34. Qg5+ Ng6 35. Qg4 Qc8 36. Qd4+ Rf6 37. Ng5 Qc6+ 38. Ne4 Ne5 39. Rxf6 Qxc4 40. Qxc4 Nxc4 41. Rf4 Nxe3+ 42. Kf3 Nd5 43. Rg4+ Kf7 44. Nxd6+ Ke6 45. Nxb7 Nc3 46. Nc5+ Kd5 47. Nxa6 1-0


[Site "https://www.chess.com"]